 Dungeon Crawl Stone Soup version 0.30-a0-575-g6f4a10e2d2 (webtiles) character file.

Game seed: 2530361461439941415

966 Bnni the Covert (level 7, -1/42 HPs)
             Began as a Vampire Brigand on Dec 30, 2022.
             Was an Initiate of Dithmenos.
             Slain by a gnoll bouda
             ... wielding a +0 whip
              (5 damage)
             ... on level 6 of the Dungeon.
             The game lasted 00:13:22 (4988 turns).

Bnni the Covert (Vampire Brigand)                   Turns: 4988, Time: 00:13:22

Health: -1/42      AC:  8    Str: 20    XL:     7   Next: 93%
Magic:  7/7        EV: 11    Int: 13    God:    Dithmenos [......]
Gold:   254        SH:  5    Dex: 18    Spells: 6/6 levels left

rFire   + . .      SeeInvis +    n - +1 dagger (venom)
rCold   + + +      Faith    .    w - +0 buckler
rNeg    + + +      Spirit   .    s - +2 robe of Omission {rPois rC+}
rPois   ∞          Reflect  .    x - +1 hat of Rationality {rF+ Str+4}
rElec   .          Harm     .    f - +2 cloak
rCorr   .          Rampage  .    (no gloves)
Will    .....                    (no boots)
Stlth   +++++++                  (no amulet)
HPRegen 0.00/turn                o - +6 ring of strength
MPRegen 0.10/turn                (no ring)

@: weakened, bloodless, inhibited regen
A: bloodless, fangs 3, see invisible, vampiric 2
a: Bat Form, Revivify, Renounce Religion


You were on level 6 of the Dungeon.
You worshipped Dithmenos.
Dithmenos was noncommittal.
You visited 2 branches of the dungeon, and saw 7 of its levels.

You collected 254 gold pieces.

Inventory:

Hand Weapons
 i - a +2 dagger of protection
 n - a +1 dagger of venom (weapon)
 t - a +0 rapier
Missiles
 d - 28 poisoned darts (quivered)
 e - 2 curare-tipped darts
 v - a boomerang of dispersal
Armour
 f - a +2 cloak (worn)
 s - the +2 robe of Omission (worn) {rPois rC+}
   (You took it off a hobgoblin on level 4 of the Dungeon)

   rC:        It protects you from cold.
   rPois:     It protects you from poison.
 w - a +0 buckler (worn)
 x - the +1 hat of Rationality (worn) {rF+ Str+4}
   (You acquired it on level 5 of the Dungeon)

   Str:       It affects your strength (+4).
   rF:        It protects you from fire.
Jewellery
 o - a +6 ring of strength (left hand)
Wands
 y - a wand of roots (13)
Scrolls
 a - a scroll of butterflies {unknown}
 c - 2 scrolls of fear {unknown}
 h - a scroll of fog {unknown}
 l - a scroll of vulnerability {unknown}
 m - 6 scrolls of poison {unknown}
 p - 3 scrolls of teleportation {unknown}
 u - a scroll of torment {unknown}
Potions
 b - 4 potions of curing {unknown}
 g - a potion of might
 j - a potion of berserk rage
 k - 2 potions of cancellation
 q - a potion of haste
 r - 2 potions of flight {unknown}
 z - a potion of lignification {unknown}
 A - a potion of degeneration {unknown}
 B - a potion of attraction {unknown}


   Skills:
 + Level 3.8 Fighting
 * Level 6.2 Short Blades
 - Level 1.5 Throwing
 - Level 1.1 Dodging
 * Level 10.2 Stealth
 + Level 2.6 Shields


You had 6 spell levels left.
You didn't know any spells.
Your spell library contained the following spells:

 Spells                   Type           Power      Damage    Failure   Level
 Sting                    Tmut/Pois      0%         1d3       38%         1
 Poisonous Vapours        Pois/Air       0%         N/A       52%         2
 Static Discharge         Conj/Air       0%         2-2/arc   52%         2
 Gell's Gravitas          Tloc           0%         N/A       77%         3
 Teleport Other           Tloc           0%         N/A       77%         3
 Vhi's Electric Charge    Tloc/Air       0%         N/A       77%         3
 Olgreb's Toxic Radiance  Pois           0%         N/A       99%         4
 Arcjolt                  Conj/Air       0%         1d10      100%        5
 Lightning Bolt           Conj/Air       0%         1d11      100%        5
 Dispersal                Tloc           0%         N/A       100%        6


Dungeon Overview and Level Annotations

Branches:
Dungeon (6/15)             Temple (1/1) D:5

Altars:
Ashenzari
Cheibriados
Dithmenos
Fedhas
Gozag
Hepliaklqana
Kikubaaqudgha
Makhleb
Nemelex Xobeh
Okawaru
Qazlal
Ru
Sif Muna
Trog
Uskayaw
Vehumet
Wu Jian
Xom
Yredelemnul


Innate Abilities, Weirdness & Mutations

You do not regenerate when monsters are visible.
You are frail without blood (-20% HP).
You can heal yourself when you bite living creatures.
You are immune to poison.
You have razor-sharp teeth.
You have supernaturally acute eyesight. (SInv)
You are afflicted with vampirism and can become a bat while bloodless.


Message History

The gnoll misses you. The gnoll closely misses you.
The gnoll bouda barely misses you. The gnoll hits you with a +0 whip.
You are too injured to fight recklessly!
You hit the gnoll.
The gnoll is lightly wounded.
The gnoll closely misses you.
You hit the gnoll.
The gnoll is poisoned.
The gnoll is lightly wounded.
The gnoll closely misses you. The gnoll hits you with a +0 spear.
The gnoll bouda gazes fiercely through you!
You feel as though you will be weak longer.
The gnoll bouda hits you but does no damage.
You hit the gnoll.
The gnoll looks as sick as possible!
The gnoll is heavily wounded.
The gnoll barely misses you. The gnoll hits you but does no damage.
The gnoll bouda gazes fiercely through you!
You feel as though you will be weak longer.
The gnoll bouda barely misses you. The gnoll misses you.
You hit the gnoll.
The gnoll is poisoned.
The gnoll is moderately wounded.
The gnoll hits you from afar with a +0 spear.
The gnoll hits you with a +0 spear.
* * * LOW HITPOINT WARNING * * *
The gnoll bouda misses you. The gnoll barely misses you.
The gnoll bouda attacks as you move away!
The gnoll bouda hits you with a +0 whip.
* * * LOW HITPOINT WARNING * * *
The gnoll attacks as you move away! The gnoll completely misses you.
The gnoll is no longer moving quickly.
The gnoll hits you from afar with a +0 spear.
* * * LOW HITPOINT WARNING * * *
Things that are here:
a +0 spear; a gnoll corpse You hit the gnoll bouda but do no damage.
The gnoll bouda is heavily wounded.
The gnoll is no longer moving quickly.
Okay, then.
The gnoll bouda attacks as you move away!
The gnoll bouda hits you with a +0 whip.
You die...

## ######### #..
.......)# #.# #######)##
#.# #######.#. ######
#.####......... #.....
#............)#
#....g####.###..#####...
#....gg@....##.....##..#
#....g####.###.###.##..#
#..... #.....###.##.<#
###.## #.#.###.).##..#
#. #.......#.##... #
#........)...##
###.####.)#### #.# #..#
#.# #..#


You could see a gnoll bouda (extremely poisoned) and 3 gnolls.

Vanquished Creatures
  A water moccasin (D:5)
  An ice beast (D:5)
  A centaur (D:6)
  A scorpion (D:4)
  A howler monkey (D:4)
  2 hounds
  2 orc priests
  2 jellies
  Jessica (D:2)
  2 iguanas (D:5)
  Terence (D:2)
  4 orc wizards
  Robin (D:4)
  6 adders
  2 gnolls (D:6)
  A dart slug (D:3)
  2 worms
  9 orcs
  6 bats
  4 endoplasms
  2 giant cockroaches (D:1)
  16 goblins
  13 hobgoblins
  9 jackals
  7 kobolds
  4 quokkas
  5 ball pythons
  2 frilled lizards
  11 rats
119 creatures vanquished.

Notes
Turn   | Place    | Note
-------+----------+-------------------------------------------
     0 | D:1      | Bnni the Vampire Brigand began the quest for the Orb.
     0 | D:1      | Reached XP level 1. HP: 16/16 MP: 1/1
    89 | D:1      | Reached skill level 6 in Stealth
   153 | D:1      | Reached XP level 2. HP: 15/15 MP: 2/2
   496 | D:1      | Gained mutation: You are afflicted with vampirism and can
                  | become a bat while bloodless. [Vampire growth]
   496 | D:1      | Reached XP level 3. HP: 18/18 MP: 3/3
   539 | D:1      | Found a faded altar of an unknown god.
  1002 | D:2      | Noticed Jessica
  1008 | D:2      | Noticed Terence
  1009 | D:2      | Killed Jessica
  1010 | D:2      | Reached skill level 7 in Stealth
  1013 | D:2      | Killed Terence
  1014 | D:2      | Reached XP level 4. HP: 23/27 MP: 4/4
  1188 | D:2      | You fall into a shaft and drop 1 floor!
  1617 | D:2      | Identified the +0 robe of the Onion {+Blink rElec Stlth-}
  1961 | D:3      | Reached XP level 5. HP: 31/31 MP: 5/5
  2401 | D:4      | Found a sacrificial altar of Ru.
  2485 | D:4      | Reached skill level 8 in Stealth
  2590 | D:4      | Reached skill level 1 in Shields
  2590 | D:4      | Reached XP level 6. HP: 29/36 MP: 6/6
  2784 | D:4      | Noticed Robin
  2785 | D:4      | Identified the +2 robe of Omission {rPois rC+}
  3153 | D:4      | Killed Robin
  3283 | D:5      | Entered Level 5 of the Dungeon
  3353 | D:5      | Noticed a water moccasin
  3357 | D:5      | Killed a water moccasin
  3358 | D:5      | Reached skill level 5 in Short Blades
  3358 | D:5      | Reached skill level 9 in Stealth
  3392 | D:5      | Noticed an ice beast
  3394 | D:5      | Killed an ice beast
  3395 | D:5      | Reached XP level 7. HP: 41/41 MP: 7/7
  3697 | D:5      | Identified a scroll of acquirement
  3702 | D:5      | Acquired the +1 hat of Rationality {rF+ Str+4}
  3910 | D:5      | Found a shimmering blue altar of Sif Muna.
  4119 | D:5      | Found a staircase to the Ecumenical Temple.
  4144 | Temple   | Entered the Ecumenical Temple
  4390 | Temple   | Became a worshipper of Dithmenos the Shadowed
  4520 | D:5      | Found a hide-covered altar of Uskayaw.
  4520 | D:5      | Found a shimmering altar of Xom.
  4740 | D:6      | Reached skill level 10 in Stealth
  4880 | D:6      | Found an opulent altar of Gozag.
  4988 | D:6      | Slain by a gnoll bouda

Illustrated notes

Levels and vault maps discovered:
D:1:      dpeg_arrival_ratfight, layout_loops_ring,
          hellmonk_ecumenical_altar_zigzags, minmay_misc_feat_plants,
          chequers_serial_rivers_small_3, chequers_serial_rivers_small_a
D:2:      layout_basic, chequers_serial_rivers_small_b, palyth_stone_intersect,
          uniq_terence, uniq_jessica
D:3:      minmay_thinvault, layout_rooms, kennysheep_another_room, minivault_11
D:4:      wander_river, layout_rooms, mainiacjoe_overflow_surrounded_room,
          uniq_robin
D:5:      layout_loops_corners, gammafunk_temple_overflow_statue,
          kennysheep_orc_sif_temple, minmay_temple_entry_proselytizer,
          minmay_fractal_squares_gapless_5
D:6:      layout_loops_ring, grunt_gozag_breadcrumbs,
          gammafunk_ghost_nasty_kobolds
Temple:   nicolae_temple_bog_church

Skill      XL: |  1  2  3  4  5  6  7 |
---------------+----------------------+-----
Stealth        | 6 7 8 9 10 | 10.2
Fighting       | 2 3 |  3.8
Short Blades   | 3 4 5 6 |  6.2
Shields        | 1 2 |  2.6
Throwing       | |  1.5
Dodging        | |  1.1

Action                   |  1- 3 |  4- 6 |  7- 9 || total
-------------------------+-------+-------+-------++-------
Melee: Dagger            |    78 |   173 |   119 ||   370
       Bite              |     5 |    19 |    17 ||    41
Throw: Dart              |       |     2 |       ||     2
       Boomerang         |       |     2 |       ||     2
 Abil: Exsanguinate      |     2 |       |       ||     2
       Revivify          |     1 |       |       ||     1
  Use: Scroll            |       |     4 |     2 ||     6
 Stab: Sleeping          |    13 |    22 |     4 ||    39
       Distracted        |       |     1 |       ||     1
Armor: Robe              |    20 |    36 |    33 ||    89
Dodge: Dodged            |    43 |    78 |    56 ||   177
Block: Buckler           |       |     7 |    24 ||    31

Table legend: (Time is in decaauts)
 A = Elapsed time spent in this place.
 B = Non-inter-level travel time spent in this place.
 C = Inter-level travel time spent in this place.
 D = Time resting spent in this place.
 E = Time spent auto-exploring this place.
 F = Levels seen in this place.
 G = Mean time per level.
                   A        B        C        D        E       F      G
               +--------+--------+--------+--------+--------+-----+--------+
         Total |   4934 |   4668 |    266 |    106 |   3496 |   7 |  704.9 |
       Dungeon |   4673 |   4442 |    231 |    106 |   3286 |   6 |  778.8 |
        Temple |    261 |    226 |     35 |      0 |    210 |   1 |  261.0 |
               +--------+--------+--------+--------+--------+-----+--------+

Top non-repeatable levels by time:
     D:5: 1176 daAuts
     D:1: 994 daAuts
     D:4: 891 daAuts
     D:3: 822 daAuts
     D:2: 542 daAuts
  Temple: 261 daAuts
     D:6: 245 daAuts
